 Dungeon Crawl Stone Soup version 0.30-a0-137-gd8773701ce (webtiles) character file.

Game seed: 1874693047685212524

497 lesbiats the Covert (level 7, 0/51 HPs)
             Began as a Gnoll Wanderer on Sept 23, 2022.
             Was an Initiate of the Shining One.
             Slain by a hound (3 damage)
             ... on level 4 of the Dungeon.
             The game lasted 00:21:04 (5772 turns).

lesbiats the Covert (Gnoll Wanderer)                Turns: 5772, Time: 00:21:04

Health: 0/51       AC:  3    Str: 10    XL:     7   Next: 16%
Magic:  13/15      EV: 12    Int: 14    God:    the Shining One [......]
Gold:   149        SH:  0    Dex: 12    Spells: 9/17 levels left

rFire   . . .      SeeInvis .    a - +2 spear
rCold   . . .      Faith    .    (no shield)
rNeg    . . .      Spirit   .    d - +0 robe
rPois   .          Reflect  .    (no helmet)
rElec   .          Harm     .    (no cloak)
rCorr   +          Rampage  .    (no gloves)
Will    .....                    b - +0 pair of boots
Stlth   ++........               (no amulet)
HPRegen 0.17/turn                t - ring of resist corrosion
MPRegen 0.14/turn                (no ring)

@: glowing
A: fangs 1, strong nose, distributed training
a: Renounce Religion


You were on level 4 of the Dungeon.
You worshipped the Shining One.
The Shining One was noncommittal.
You visited 1 branch of the dungeon, and saw 5 of its levels.

You collected 192 gold pieces.
You spent 43 gold pieces at shops.

Inventory:

Hand Weapons
 a - a +2 spear (weapon)
Missiles
 i - 17 poisoned darts
 A - 3 boomerangs
Armour
 b - a +0 pair of boots (worn)
 d - a +0 robe (worn)
 y - a +0 chain mail of positive energy
Magical Staves
 h - a staff of cold
 o - a staff of fire
Jewellery
 t - a ring of resist corrosion (left hand)
 x - an amulet of magic regeneration
Scrolls
 c - a scroll of fog
 e - a scroll of amnesia {unknown}
 f - a scroll of magic mapping {unknown}
 j - 4 scrolls of enchant armour
 k - 2 scrolls of teleportation
 m - a scroll of blinking {unknown}
 p - 2 scrolls of fear {unknown}
 q - a scroll of brand weapon {unknown}
 s - a scroll of vulnerability {unknown}
 w - 2 scrolls of immolation
Potions
 g - 4 potions of attraction
 l - a potion of mutation {unknown}
 n - 2 potions of might
 r - a potion of curing
 u - a potion of lignification {unknown}
 v - a potion of flight
 z - a potion of cancellation


   Skills:
 + Level 2.4 Fighting
 + Level 2.4 Short Blades
 + Level 2.4 Long Blades
 + Level 2.4 Axes
 + Level 2.4 Maces & Flails
 + Level 5.2 Polearms
 + Level 2.4 Staves
 + Level 2.4 Ranged Weapons
 + Level 2.4 Throwing
 + Level 2.4 Armour
 + Level 2.4 Dodging
 + Level 8.2 Stealth
 + Level 2.4 Shields
 + Level 2.4 Unarmed Combat
 + Level 5.6 Spellcasting
 + Level 2.0 Conjurations
 + Level 4.3 Hexes
 + Level 2.0 Summonings
 + Level 2.0 Necromancy
 + Level 2.0 Translocations
 + Level 2.0 Transmutations
 + Level 2.0 Fire Magic
 + Level 2.0 Ice Magic
 + Level 2.0 Air Magic
 + Level 2.0 Earth Magic
 + Level 2.0 Poison Magic
 + Level 2.6 Invocations
 + Level 2.4 Evocations


You had 9 spell levels left.
You knew the following spells:

 Your Spells              Type           Power      Damage    Failure   Level
a - Slow                  Hex            60%        N/A       2%          1
b - Confusing Touch       Hex            15%        N/A       9%          3
c - Necrotise             Necr           36%        1d5       8%          1
d - Vampiric Draining     Necr           9%         2d6       22%         3

Your spell library contained the following spells:

 Spells                   Type           Power      Damage    Failure   Level
 Agony                    Necr           9%         N/A       90%         5


Dungeon Overview and Level Annotations

Branches:
Dungeon (5/15)
 Temple: D:4-7

Altars:
Fedhas
Trog
Xom
The Shining One

Shops:
D:4 *

Annotations:
D:5 Menkaure


Innate Abilities, Weirdness & Mutations

You have very sharp teeth.
Your uncanny sense of smell can sniff out nearby items.
Your experience applies equally to all skills.


Message History

The hound bites you.
* * * LOW HITPOINT WARNING * * *
You see here a +0 war axe.
The hound attacks as you move away! The hound bites you.
* * * LOW HITPOINT WARNING * * *
The hound barely misses you.
The orc wizard casts a spell.
The orc wizard flickers and vanishes!
Deactivating autopickup; reactivate with Ctrl-A.
The hound closely misses you. The hound bites you.
* * * LOW HITPOINT WARNING * * *
Really walk into that dispersal trap?
You enter a dispersal trap!
The hound blinks! x2; You blink.
Casting: Slow (safe; 2% risk of failure)
Confirm with . or Enter, or press ? or * to list all spells.
Aiming: Slow (safe; 2% risk of failure)
Press: ? - help, Shift-Dir - straight line, f - hound
Aim: a hound (chance to affect: 63%)
The hound resists with significant effort.
Casting: Slow (safe; 2% risk of failure)
Confirm with . or Enter, or press ? or * to list all spells.
Aiming: Slow (safe; 2% risk of failure)
Press: ? - help, Shift-Dir - straight line, f/p - hound
Aim: a hound (chance to affect: 63%)
The hound resists with significant effort.
The hound bites you. The Shining One protects you from harm!
You hear some strange, mumbled words.
Something tries to affect you, but you resist.
Casting: Slow (safe; 2% risk of failure)
Confirm with . or Enter, or press ? or * to list all spells.
Aiming: Slow (safe; 2% risk of failure)
Press: ? - help, Shift-Dir - straight line, f/p - hound
Aim: a hound (haloed, chance to affect: 63%)
The hound seems to slow down.
The hound closely misses you. The hound barely misses you.
The hound attacks as you move away! The hound bites you but does no damage.
The hound bites you.
You die...

###.###..# #..# #.##.............
###.####.###..# #.##..........##.
##......_.....# #.............##.
.....#.#.#..#.######..........###
##.....#..###....###..........# #
#...####......#..##..........###
#....##.......{#.##..........##.
##.#.#........h...#..........##.
#.#.#.........@...############.
###......#######..## #.
###....#.....#...# #.
#....#.###.###############.
##...#.#°#.#...............
##...#.###.###############.
#....#.....# ## #....#.._..#
#....#.....#


You could see a hound (slow).

Vanquished Creatures
  An ogre (D:5)
  A phantom (D:4)
  A necrophage (D:3)
  2 orc priests
  An iguana (D:4)
  8 gnolls
  3 adders
  2 worms
  2 dart slugs
  10 orcs
  A ball python (D:3)
  6 bats
  10 endoplasms
  2 giant cockroaches
  2 goblins
  4 hobgoblins
  3 quokkas
  4 frilled lizards
  10 kobolds
  8 rats
81 creatures vanquished.

Vanquished Creatures (others)
  A wizard (D:4)
1 creature vanquished.

Grand Total: 82 creatures vanquished

Notes
Turn   | Place    | Note
-------+----------+-------------------------------------------
     0 | D:1      | lesbiats the Gnoll Wanderer began the quest for the Orb.
     0 | D:1      | lesbiats set off with the following items: a +2 spear, a +0
                  | pair of boots, a scroll of fog, a +0 robe; and the
                  | following spell memorised: Slow; and the following spells
                  | available to memorise: Confusing Touch.
     0 | D:1      | Reached XP level 1. HP: 13/13 MP: 6/6
   239 | D:1      | Reached XP level 2. HP: 19/19 MP: 5/7
   594 | D:1      | Found a faded altar of an unknown god.
   849 | D:2      | Reached skill level 5 in Spellcasting
   849 | D:2      | Reached XP level 3. HP: 23/25 MP: 7/9
   961 | D:2      | Reached skill level 1 in Invocations
  1112 | D:2      | Reached skill level 1 in Fighting
  1112 | D:2      | Reached skill level 1 in Short Blades
  1112 | D:2      | Reached skill level 1 in Long Blades
  1112 | D:2      | Reached skill level 1 in Axes
  1112 | D:2      | Reached skill level 1 in Maces & Flails
  1112 | D:2      | Reached skill level 1 in Staves
  1112 | D:2      | Reached skill level 1 in Ranged Weapons
  1112 | D:2      | Reached skill level 1 in Throwing
  1112 | D:2      | Reached skill level 1 in Armour
  1112 | D:2      | Reached skill level 1 in Dodging
  1112 | D:2      | Reached skill level 1 in Shields
  1112 | D:2      | Reached skill level 1 in Unarmed Combat
  1112 | D:2      | Reached skill level 1 in Evocations
  1124 | D:2      | Reached XP level 4. HP: 25/32 MP: 11/11
  1134 | D:2      | Reached skill level 1 in Conjurations
  1134 | D:2      | Reached skill level 1 in Summonings
  1134 | D:2      | Reached skill level 1 in Necromancy
  1134 | D:2      | Reached skill level 1 in Translocations
  1134 | D:2      | Reached skill level 1 in Transmutations
  1134 | D:2      | Reached skill level 1 in Fire Magic
  1134 | D:2      | Reached skill level 1 in Ice Magic
  1134 | D:2      | Reached skill level 1 in Air Magic
  1134 | D:2      | Reached skill level 1 in Earth Magic
  1134 | D:2      | Reached skill level 1 in Poison Magic
  1491 | D:2      | Learned a level 3 spell: Confusing Touch
  1911 | D:3      | Learned a level 1 spell: Necrotise
  1915 | D:3      | Learned a level 3 spell: Vampiric Draining
  2222 | D:3      | Found a glowing golden altar of the Shining One.
  2230 | D:3      | Became a worshipper of the Shining One
  2245 | D:3      | Reached XP level 5. HP: 17/37 MP: 12/12
  2471 | D:3      | Found a shimmering altar of Xom.
  3131 | D:3      | Reached skill level 8 in Stealth
  3257 | D:4      | Noticed a phantom
  3268 | D:4      | Found a blossoming altar of Fedhas.
  3305 | D:4      | Killed a phantom
  3306 | D:4      | Reached skill level 5 in Polearms
  3306 | D:4      | Reached XP level 6. HP: 26/44 MP: 14/14
  3688 | D:4      | Found Wuutukau's CLEARANCE SALE!.
  3857 | D:3      | HP: 2/44 [gnoll/+0 spear (7)]
  4393 | D:4      | Bought a potion of heal wounds for 10 gold pieces
  4393 | D:4      | Bought a +0 chain mail of positive energy for 17 gold
                  | pieces
  4393 | D:4      | Bought a potion of cancellation for 16 gold pieces
  4853 | D:4      | Found a bloodstained altar of Trog.
  4854 | D:4      | Noticed a wizard
  4859 | D:4      | Killed a wizard
  5068 | D:5      | Entered Level 5 of the Dungeon
  5094 | D:5      | Reached XP level 7. HP: 41/51 MP: 13/15
  5734 | D:5      | Noticed Menkaure
  5756 | D:4      | HP: 2/51 [hound (3)]
  5764 | D:4      | The Shining One protects you from harm!
  5772 | D:4      | Slain by a hound

Illustrated notes

Levels and vault maps discovered:
D:1:      shiori_arrival_maze, layout_basic, hellmonk_ecumenical_altar_lost_god
D:2:      layout_loops_ring
D:3:      layout_loops_ring, mainiacjoe_overflow_catwalk,
          mainiacjoe_overflow_alcove_2
D:4:      layout_rooms, trog_wizard, lemuel_crystal_altar, minivault_24,
          minivault_23, nicolae_shop_clearance
D:5:      layout_rooms, uniq_menkaure

Skill      XL: |  1  2  3  4  5  6  7 |
---------------+----------------------+-----
Spellcasting   | 5 |  5.6
Invocations    | 1 2 |  2.6
Fighting       | 1 2 |  2.4
Short Blades   | 1 2 |  2.4
Long Blades    | 1 2 |  2.4
Axes           | 1 2 |  2.4
Maces & Flails | 1 2 |  2.4
Staves         | 1 2 |  2.4
Ranged Weapons | 1 2 |  2.4
Throwing       | 1 2 |  2.4
Armour         | 1 2 |  2.4
Dodging        | 1 2 |  2.4
Shields        | 1 2 |  2.4
Unarmed Combat | 1 2 |  2.4
Evocations     | 1 2 |  2.4
Conjurations   | 1 2 |  2.0
Summonings     | 1 2 |  2.0
Necromancy     | 1 2 |  2.0
Translocations | 1 2 |  2.0
Transmutations | 1 2 |  2.0
Fire Magic     | 1 2 |  2.0
Ice Magic      | 1 2 |  2.0
Air Magic      | 1 2 |  2.0
Earth Magic    | 1 2 |  2.0
Poison Magic   | 1 2 |  2.0
Hexes          | 4 |  4.3
Stealth        | 8 |  8.2
Polearms       | 5 |  5.2

Action                   |  1- 3 |  4- 6 |  7- 9 || total
-------------------------+-------+-------+-------++-------
Melee: Spear             |    84 |   198 |    38 ||   320
       Bite              |     7 |    16 |     3 ||    26
       Punch             |       |     2 |     1 ||     3
Throw: Dart              |       |     9 |     2 ||    11
 Cast: Slow              |     3 |     5 |     4 ||    12
  Use: Potion            |       |     3 |     2 ||     5
       Scroll            |       |     7 |     1 ||     8
 Stab: Sleeping          |    10 |     4 |       ||    14
       Distracted        |       |     1 |       ||     1
Armor: Robe              |    14 |    17 |     9 ||    40
Dodge: Dodged            |    25 |    72 |    43 ||   140

Table legend: (Time is in decaauts)
 A = Elapsed time spent in this place.
 B = Non-inter-level travel time spent in this place.
 C = Inter-level travel time spent in this place.
 D = Time resting spent in this place.
 E = Time spent auto-exploring this place.
 F = Levels seen in this place.
 G = Mean time per level.
                   A        B        C        D        E       F      G
               +--------+--------+--------+--------+--------+-----+--------+
         Total |   5732 |   5508 |    224 |   2257 |   2224 |   5 | 1146.4 |
       Dungeon |   5732 |   5508 |    224 |   2257 |   2224 |   5 | 1146.4 |
               +--------+--------+--------+--------+--------+-----+--------+

Top non-repeatable levels by time:
     D:3: 2092 daAuts
     D:4: 1577 daAuts
     D:2: 1051 daAuts
     D:1: 798 daAuts
     D:5: 213 daAuts
